 Dungeon Crawl Stone Soup version 0.31-a0-166-g46f44d267d (webtiles) character file.

Game seed: 1563500809953273715

114 qw the Shooter (level 4, -4/42 HPs)
             Began as a Naga Hunter on June 13, 2023.
             Slain by a water moccasin (7 damage)
             ... on level 4 of the Dungeon.
             The game lasted 00:00:46 (2167 turns).

qw the Shooter (Naga Hunter)                        Turns: 2167, Time: 00:00:46

Health: -4/42      AC:  2    Str: 14    XL:     4   Next: 98%
Magic:  0/4        EV:  9    Int:  9    God:
Gold:   114        SH:  0    Dex: 16    Spells: 3/3 levels left

rFire   . . .        Y - +0 shortbow
rCold   . . .        (shield currently unavailable)
rNeg    . . .        c - +0 leather armour
rPois   +            (no helmet)
rElec   .            (no cloak)
rCorr   +            (no gloves)
SInv    +            (no barding)
Will    .....        f - amulet of guardian spirit
Stlth   ++           a - ring of resist corrosion
HPRegen 0.27/turn    (no ring)
MPRegen 0.09/turn

%: guardian spirit
@: lethally poisoned (-4 -> -12), about to teleport, very slow
A: AC +1, large, see invisible, deformed body, poison resistance, slowness 2,
spit poison 1, naga tail 1
a: Spit Poison


You were on level 4 of the Dungeon.
You visited 1 branch of the dungeon, and saw 4 of its levels.

You collected 184 gold pieces.
You spent 70 gold pieces at shops.


Innate Abilities, Weirdness & Mutations

Your serpentine skin is tough. (AC +1)
You have supernaturally acute eyesight. (SInv)
Armour fits poorly on your strangely shaped body.
Your system is resistant to poisons. (rPois)
You cover ground very slowly.
You can spit poison.
You have a snake-like lower body.


   Skills:
 - Level 3.0 Fighting
 + Level 5.1 Ranged Weapons
 - Level 1.5 Dodging
 - Level 1.5 Stealth


You had 3 spell levels left.
You didn't know any spells.
Your spell library was empty.

Inventory:

Hand Weapons
 Y - a +0 shortbow (weapon)
Armour
 c - a +0 leather armour (worn)
Jewellery
 a - a ring of resist corrosion (left hand)
 f - an amulet of guardian spirit (around neck)
Scrolls
 b - 3 scrolls of teleportation
 e - 2 scrolls of identify
Potions
 d - a potion of resistance
 j - a potion of heal wounds

Dungeon Overview and Level Annotations

Branches:
Dungeon (4/15)
 Temple: D:4-7

Altars:

Shops:
D:2 ?

Annotations:
D:3 2 transporters


Message History

You shoot an arrow.
The arrow barely misses the water moccasin.
The water moccasin closely misses you. x2
You shoot an arrow.
The arrow hits the water moccasin but does no damage.
The water moccasin is moderately wounded.
The water moccasin barely misses you.
You shoot an arrow.
The arrow closely misses the water moccasin.
The water moccasin bites you!
You are poisoned.
The water moccasin poisons you!
The water moccasin bites you but does no damage.
You shoot an arrow. The arrow misses the water moccasin.
You feel very sick. The water moccasin bites you.
The water moccasin misses you.
You shoot an arrow. The arrow hits the water moccasin!
The water moccasin is severely wounded.
You feel sick. The water moccasin bites you.
You shoot an arrow.
The arrow closely misses the water moccasin.
You feel sick. The water moccasin barely misses you.
The water moccasin bites you.
You are lethally poisoned!
The water moccasin poisons you!
You shoot an arrow.
The arrow hits the water moccasin but does no damage.
The water moccasin is severely wounded.
You feel very sick.
The water moccasin barely misses you. x2
You shoot an arrow.
The arrow closely misses the water moccasin.
You feel very sick. The water moccasin bites you.
2167 ||| READING 4 scrolls of teleportation.
As you read the scroll of teleportation, it crumbles to dust.
You feel strangely unstable.
You feel very sick. The water moccasin bites you!
You die...

########.....##.#
.........###....#
###############.#
#......###..#
............#
.<..........#### #..
..........#....###.....
.......................
.......@.###########...
......S..# ....%...##
......... ....[....
.........# .........#
..........


You could see a water moccasin.

Vanquished Creatures
  Terence (D:3)
  An orc wizard (D:3)
  A worm (D:2)
  A dart slug (D:1)
  4 orcs
  3 bats
  8 endoplasms
  2 giant cockroaches (D:4)
  4 goblins
  6 hobgoblins
  5 jackals
  6 kobolds
  3 ball pythons
  4 frilled lizards
  2 rats (D:1)
51 creatures vanquished.

Notes
Turn   | Place    | Note
-------+----------+-------------------------------------------
     0 | D:1      | qw the Naga Hunter began the quest for the Orb.
     0 | D:1      | Reached XP level 1. HP: 19/19 MP: 1/1
     0 | D:1      | 0 ||| qw: Version: 0.2-a-29-gc1b59c4
     0 | D:1      | 0 ||| qw: Game counter: 4838
     0 | D:1      | 0 ||| qw: Always use a shield: true
     0 | D:1      | 0 ||| qw: God list: Okawaru
     0 | D:1      | 0 ||| qw: Allow faded altars: false
     0 | D:1      | 0 ||| qw: Do Orc after D:15 true
     0 | D:1      | 0 ||| qw: Do second Lair branch before Depths: true
     0 | D:1      | 0 ||| qw: Lair rune preference: random
     0 | D:1      | 0 ||| qw: Plans: Normal
     0 | D:1      | 0 ||| PLANNING D:1-11
    45 | D:1      | 45 ||| INVOKING Spit Poison.
   108 | D:1      | 108 ||| INVOKING Spit Poison.
   115 | D:1      | Reached skill level 4 in Ranged Weapons
   115 | D:1      | Reached XP level 2. HP: 26/26 MP: 2/2
   119 | D:1      | 119 ||| INVOKING Spit Poison.
   139 | D:1      | 139 ||| INVOKING Spit Poison.
   186 | D:1      | 186 ||| INVOKING Spit Poison.
   203 | D:1      | 203 ||| INVOKING Spit Poison.
   207 | D:1      | 207 ||| INVOKING Spit Poison.
   245 | D:1      | 245 ||| INVOKING Spit Poison.
   407 | D:1      | 407 ||| INVOKING Spit Poison.
   408 | D:1      | 408 ||| INVOKING Spit Poison.
   412 | D:1      | Reached XP level 3. HP: 32/32 MP: 3/3
   434 | D:1      | 434 ||| INVOKING Spit Poison.
   474 | D:1      | 474 ||| INVOKING Spit Poison.
   571 | D:1      | 571 ||| READING scroll labelled FIH AKLIURY.
   572 | D:1      | 572 ||| DROPPING scroll of butterflies.
   604 | D:2      | 604 ||| INVOKING Spit Poison.
   610 | D:2      | 610 ||| INVOKING Spit Poison.
   616 | D:2      | 616 ||| INVOKING Spit Poison.
   685 | D:2      | Found a faded altar of an unknown god.
   721 | D:2      | 721 ||| INVOKING Spit Poison.
   868 | D:2      | 868 ||| INVOKING Spit Poison.
  1077 | D:2      | 1077 ||| INVOKING Spit Poison.
  1250 | D:2      | 1250 ||| INVOKING Spit Poison.
  1279 | D:2      | Found The Oracle's Delphic Readings.
  1284 | D:2      | 1284 ||| BUYING scroll of identify (28 gold).
  1284 | D:2      | Bought a scroll of identify for 28 gold pieces
  1284 | D:2      | 1284 ||| BUYING scroll of teleportation (42 gold).
  1284 | D:2      | Bought a scroll of teleportation for 42 gold pieces
  1341 | D:2      | 1341 ||| UPGRADING to amulet of guardian spirit.
  1346 | D:2      | 1346 ||| UPGRADING to ring of resist corrosion.
  1347 | D:2      | 1347 ||| READING scroll labelled UCLY ENUOPAWYO.
  1348 | D:2      | 1348 ||| READING scroll labelled KUAKKU BIVVIGH.
  1349 | D:2      | 1349 ||| READING 2 scrolls of identify.
  1349 | D:2      | 1349 ||| IDENTIFYING viscous dark potion
  1418 | D:3      | 1418 ||| INVOKING Spit Poison.
  1443 | D:3      | 1443 ||| INVOKING Spit Poison.
  1447 | D:3      | 1447 ||| INVOKING Spit Poison.
  1481 | D:3      | Found a transporter.
  1513 | D:3      | Noticed Terence
  1517 | D:3      | 1517 ||| INVOKING Spit Poison.
  1519 | D:3      | Killed Terence
  1520 | D:3      | Reached skill level 5 in Ranged Weapons
  1520 | D:3      | Reached XP level 4. HP: 39/39 MP: 4/4
  1538 | D:3      | 1538 ||| INVOKING Spit Poison.
  1542 | D:3      | Found a transporter.
  1602 | D:3      | 1602 ||| INVOKING Spit Poison.
  1629 | D:3      | 1629 ||| INVOKING Spit Poison.
  1633 | D:3      | 1633 ||| INVOKING Spit Poison.
  1634 | D:3      | 1634 ||| INVOKING Spit Poison.
  1638 | D:3      | 1638 ||| INVOKING Spit Poison.
  1643 | D:3      | 1643 ||| INVOKING Spit Poison.
  1646 | D:3      | 1646 ||| INVOKING Spit Poison.
  1868 | D:3      | 1868 ||| INVOKING Spit Poison.
  1872 | D:3      | 1872 ||| INVOKING Spit Poison.
  1884 | D:3      | 1884 ||| INVOKING Spit Poison.
  1955 | D:3      | 1955 ||| INVOKING Spit Poison.
  2056 | D:3      | 2056 ||| READING scroll labelled DUYDDEN GOQUNN.
  2057 | D:3      | 2057 ||| DRINKING 2 silvery potions.
  2058 | D:3      | 2058 ||| READING 5 scrolls of identify.
  2058 | D:3      | 2058 ||| IDENTIFYING fuming dark potion
  2059 | D:3      | 2059 ||| READING 4 scrolls of identify.
  2059 | D:3      | 2059 ||| IDENTIFYING sedimented emerald potion
  2060 | D:3      | 2060 ||| READING 3 scrolls of identify.
  2060 | D:3      | 2060 ||| IDENTIFYING ruby potion
  2061 | D:3      | 2061 ||| DROPPING potion of magic.
  2062 | D:3      | 2062 ||| DROPPING potion of invisibility.
  2063 | D:3      | 2063 ||| DROPPING potion of berserk rage.
  2126 | D:4      | Reached skill level 3 in Fighting
  2150 | D:4      | Noticed a water moccasin
  2154 | D:4      | 2154 ||| INVOKING Spit Poison.
  2166 | D:4      | HP: 10/42 [poisoned by a water moccasin]
  2167 | D:4      | 2167 ||| READING 4 scrolls of teleportation.
  2167 | D:4      | HP: 3/42 [poisoned by a water moccasin]
  2167 | D:4      | Slain by a water moccasin

Levels and vault maps discovered:
D:1:      sevenhm_arrival_forest_fort_small_3, layout_basic
D:2:      layout_loops_corners, hellmonk_ecumenical_altar_blasted,
          nicolae_nh_oracle_at_delphi
D:3:      gammafunk_wand_slinger, layout_basic, uniq_terence
D:4:      layout_rooms, mainiacjoe_overflow_concentric_impassable,
          serial_curves, eino_curves_04, eino_curves_04, minmay_goblin_outpost

Skill      XL: |  1  2  3  4 |
---------------+-------------+-----
Ranged Weapons | 4 5 |  5.1
Fighting       | 3 |  3.0
Dodging        | |  1.5
Stealth        | |  1.5

Action                     |  1- 3 |  4- 6 || total
---------------------------+-------+-------++-------
   Fire: Shortbow          |    75 |    44 ||   119
Ability: Spit Poison       |    22 |    12 ||    34
    Use: Scroll            |     4 |     5 ||     9
         Potion            |       |     1 ||     1
 Armour: Leather armour    |     6 |     4 ||    10
  Dodge: Dodged            |    16 |    20 ||    36

Table legend:
 A = Non-vault XP
 B = Vault XP
 C = Vault XP percentage of total XP
 D = Non-vault monster count
 E = Vault monster count
 F = Vault count percentage of total count
                 A         B        C        D         E       F
            +---------+---------+-------+---------+---------+-------
      Total |     122 |      42 |  25.6 |      47 |       4 |   7.8
            +---------+---------+-------+---------+---------+-------
        D:1 |      39 |       0 |   0.0 |      21 |       0 |   0.0
        D:2 |      10 |       5 |  33.3 |       5 |       2 |  28.6
        D:3 |      69 |      36 |  34.3 |      19 |       1 |   5.0
        D:4 |       4 |       1 |  20.0 |       2 |       1 |  33.3
            +---------+---------+-------+---------+---------+-------
